 Dungeon Crawl Stone Soup version 0.31-a0-193-gdfe2569204 (webtiles) character file.

Game seed: 5062920761221124893

73 qw the Shooter (level 4, 0/25 HPs)
             Began as a Deep Elf Hunter on June 24, 2023.
             Succumbed to their own poison gas
             ... on level 2 of the Dungeon.
             The game lasted 00:00:31 (1442 turns).

qw the Shooter (Deep Elf Hunter)                    Turns: 1442, Time: 00:00:31

Health: 0/25       AC:  7    Str: 10    XL:     4   Next: 8%
Magic:  6/6        EV: 11    Int: 14    God:
Gold:   99         SH:  0    Dex: 18    Spells: 3/3 levels left

rFire   . . .        Y - +0 shortbow (chaos)
rCold   . . .        (shield currently unavailable)
rNeg    . . .        d - +0 ring mail
rPois   .            (no helmet)
rElec   .            (no cloak)
rCorr   .            h - +0 pair of gloves
SInv    .            i - +0 pair of boots
Will    .....        (no amulet)
Stlth   +            (no ring)
HPRegen 0.24/turn    (no ring)
MPRegen 0.10/turn

%: no passive effects
@: lethally poisoned (0 -> -1)
A: no striking features
a: no special abilities


You were on level 2 of the Dungeon.
You visited 1 branch of the dungeon, and saw 2 of its levels.

You collected 99 gold pieces.


   Skills:
 - Level 1.5 Fighting
 + Level 7.5 Ranged Weapons
 - Level 2.4 Dodging
 - Level 1.2 Stealth


You had 3 spell levels left.
You didn't know any spells.
Your spell library was empty.

Inventory:

Hand Weapons
 Y - a +0 shortbow of chaos (weapon)
Armour
 d - a +0 ring mail (worn)
 h - a +0 pair of gloves (worn)
 i - a +0 pair of boots (worn)
Potions
 e - a potion of degeneration {unknown}
 f - a potion of heal wounds {unknown}
 g - a potion of magic {unknown}

Dungeon Overview and Level Annotations

Branches:
Dungeon (2/15)

Altars:


Message History

Enter note:
Enter note:
Enter note: Really walk into that cloud of poison gas?
You are engulfed in poison gas.
You are poisoned.
You feel very sick.
Enter note:
Enter note:
Enter note:
Enter note:
Enter note:
Enter note:
Enter note:
Enter note:
Enter note:
Enter note:
Enter note:
Enter note:
Enter note:
Enter note:
Enter note:
Enter note:
Enter note:
Enter note:
1435 ||| Stepping ~*~*~tactically~*~*~ (cloud).
You feel very sick.
There is a lethal amount of poison in your body!
You feel very sick.
There is a lethal amount of poison in your body!
You feel sick.
There is a lethal amount of poison in your body!
You feel sick.
There is a lethal amount of poison in your body!
You feel sick.
There is a lethal amount of poison in your body!
You feel sick.
There is a lethal amount of poison in your body!
You feel sick.
There is a lethal amount of poison in your body!
You die...

.........#.##.##.##.....#.......#
..............##........#....[..#
....^....#.##.##..#.....'...7...#
#...#.####.##.##..#.....#.......#
#...#.# ##........#.....#.......#
#...#.# #####.###.#######.......#
#..)#.# #####.###¤###############
#...#.#######0###.###### #.#
.........¤0.¤0¤¤@0######### #.#
#..####.###.#.#0###.......# #.#
#........##.#.#0###.#####.###.#
#.##........#.00###.##........#
#.##.##..#..#0#¤.).....##.#####
#.##.##.....¤¤#0###.#####.#
#..........¤¤..0###)).....#
#.........00###############
#....####...###########


There were no monsters in sight!

Vanquished Creatures
  3 adders (D:2)
  2 dart slugs
  3 ball pythons
  8 endoplasms
  A giant cockroach (D:1)
  5 goblins
  3 hobgoblins
  2 jackals (D:1)
  3 kobolds (D:2)
  A quokka (D:1)
  2 bats
  A frilled lizard (D:2)
  3 rats (D:2)
37 creatures vanquished.

Notes
Turn   | Place    | Note
-------+----------+-------------------------------------------
     0 | D:1      | qw the Deep Elf Hunter began the quest for the Orb.
     0 | D:1      | Reached XP level 1. HP: 12/12 MP: 3/3
     0 | D:1      | 0 ||| qw: Version: 0.3-a-9-g12657ce
     0 | D:1      | 0 ||| qw: Game counter: 4664
     0 | D:1      | 0 ||| qw: Always use a shield: true
     0 | D:1      | 0 ||| qw: God list: Okawaru
     0 | D:1      | 0 ||| qw: Allow faded altars: false
     0 | D:1      | 0 ||| qw: Do Orc after D:15 true
     0 | D:1      | 0 ||| qw: Do second Lair branch before Depths: true
     0 | D:1      | 0 ||| qw: Lair rune preference: random
     0 | D:1      | 0 ||| qw: Plans: Normal
     0 | D:1      | 0 ||| PLANNING D:1-11
   186 | D:1      | Reached XP level 2. HP: 16/16 MP: 4/4
   322 | D:1      | Reached skill level 6 in Ranged Weapons
   752 | D:1      | 752 ||| UPGRADING to +0 ring mail.
   762 | D:1      | 762 ||| DROPPING +0 leather armour.
   763 | D:1      | 763 ||| UPGRADING to +0 pair of gloves.
   768 | D:1      | 768 ||| READING scroll labelled SAAPOI OVEENE.
   769 | D:1      | 769 ||| READING scroll labelled UQAARU XUOX.
   770 | D:1      | 770 ||| READING scroll labelled OFOMIZ ENAWESH.
   771 | D:1      | 771 ||| DROPPING scroll of butterflies.
   957 | D:2      | Reached XP level 3. HP: 20/20 MP: 5/5
  1067 | D:2      | Reached skill level 7 in Ranged Weapons
  1406 | D:2      | Reached XP level 4. HP: 25/25 MP: 6/6
  1424 | D:2      | 1424 ||| UPGRADING to +0 pair of boots.
  1429 | D:2      | 1429 ||| READING scroll labelled MABEMAC QENGUL.
  1432 | D:2      | 1432 ||| READING scroll labelled PIUF HEYWITHRA.
  1433 | D:2      | 1433 ||| READING scroll labelled AVIMIPTUOF.
  1435 | D:2      | 1435 ||| Stepping ~*~*~tactically~*~*~ (cloud).
  1437 | D:2      | HP: 5/25 [poisoned by you (poison gas)]
  1440 | D:2      | HP: 2/25 [poisoned by you (poison gas)]
  1442 | D:2      | Succumbed to their own poison gas

Levels and vault maps discovered:
D:1:      pf_arrival_petrified_forest, layout_loops_cross, chequers_jeans,
          corexii_corridor_pit
D:2:      layout_loops_cross, kennysheep_generic_room_9

Skill      XL: |  1  2  3 |
---------------+----------+-----
Ranged Weapons | 6 7 |  7.5
Fighting       | |  1.5
Dodging        | |  2.4
Stealth        | |  1.2

Action                     |  1- 3 |  4- 6 || total
---------------------------+-------+-------++-------
   Fire: Shortbow          |    80 |     3 ||    83
    Use: Scroll            |     3 |     3 ||     6
 Armour: Leather armour    |     2 |       ||     2
         Ring mail         |     6 |       ||     6
  Dodge: Dodged            |     4 |       ||     4

Table legend:
 A = Non-vault XP
 B = Vault XP
 C = Vault XP percentage of total XP
 D = Non-vault monster count
 E = Vault monster count
 F = Vault count percentage of total count
                 A         B        C        D         E       F
            +---------+---------+-------+---------+---------+-------
      Total |     105 |       0 |   0.0 |      37 |       0 |   0.0
            +---------+---------+-------+---------+---------+-------
        D:1 |      21 |       0 |   0.0 |      10 |       0 |   0.0
        D:2 |      84 |       0 |   0.0 |      27 |       0 |   0.0
            +---------+---------+-------+---------+---------+-------
